 Dungeon Crawl Stone Soup version 0.17.1-1-g73c8601 (console) character file.

735796 Kloppie the Demon Slayer (level 27, -10/266 HPs)
             Began as a Formicid Fighter on Dec 14, 2015.
             Was a High Priest of the Shining One.
             Killed from afar by an orb of fire (15 damage)
             ... with a bolt of fire
             ... on level 5 of the Realm of Zot on Dec 15, 2015.
             The game lasted 04:26:23 (84863 turns).

Kloppie the Demon Slayer (Formicid Fighter)        Turns: 84863, Time: 04:26:23

Health: -10/266    AC: 52    Str: 37    XL:     27
Magic:  29/36      EV: 12    Int: 19    God:    the Shining One [*****.]
Gold:   4998       SH: 39    Dex:  6    Spells: 0 memorised, 26 levels left

rFire  + + .     SeeInvis +     a - +9 executioner's axe (freeze)
rCold  + + +     Clarity  .     Y - +9 gold dragon armour
rNeg   + + .     SustAt   .     k - +1 large shield {AC+3}
rPois  +         Gourm    .     (helmet unavailable)
rElec  +         Spirit   .     c - +4 dragonskin cloak
rCorr  .         Warding  .     y - +4 pair of gloves of Roqa Ive {-Cast Regen+ Str+6 Int+4}
rMut   +         Stasis   +     f - +2 pair of boots {run}
MR     +++..     NoCast   +     J - amulet of resist mutation
Stlth  ..........               C - ring of protection from fire
                                D - ring "Folet" {+Inv rC+++ MR+ Int+4 Dex-4}

@: divine shield, glowing, quick, extremely resistant to hostile enchantments,
extremely unstealthy
A: permanent stasis, dig shafts and tunnels, four strong arms, antennae 3, low
mp 1, robust 1
a: Dig, Shaft Self, Divine Shield, Cleansing Flame, Summon Divine Warrior,
Renounce Religion, Evoke Invisibility
}: 5/15 runes: serpentine, barnacled, slimy, silver, abyssal


You were on level 5 of the Realm of Zot.
You worshipped the Shining One.
The Shining One was extremely pleased with you.
You were very hungry.

You visited 11 branches of the dungeon, and saw 62 of its levels.
You visited the Abyss 1 time.
You visited 1 bazaar.
You visited 1 ziggurat, and saw 9 of its levels.
You also visited: Trove, Bailey and Wizlab.

You collected 8707 gold pieces.
You spent 3709 gold pieces at shops.

Inventory:

Hand Weapons
 a - a +9 executioner's axe of freezing (weapon)
 b - a +2 arbalest of freezing
Missiles
 T - 1077 bolts
 V - 80 bolts of penetration
Armour
 c - the +4 dragonskin cloak (worn)
   (You took it off Tiamat on level 5 of the Realm of Zot)
 f - a +2 pair of boots of running (worn)
 k - a +1 large shield of protection (worn)
 y - the +4 pair of gloves of Roqa Ive (worn) {-Cast Regen+ Str+6 Int+4}
   (You found it on level 1 of the Crypt)

   It affects your strength (+6).
   It affects your intelligence (+4).
   It prevents spellcasting.
   It increases your rate of regeneration.
 Y - a +9 gold dragon armour (worn)
Jewellery
 d - an uncursed amulet of clarity
 o - an uncursed ring of sustain attributes
 v - the ring of Qakips {rElec rF- MR++ AC+3 Stlth+}
   (You bought it in a shop on level 4 of the Dungeon)

   [ring of protection]

   It affects your AC (+3).
   It makes you vulnerable to fire.
   It insulates you from electricity.
   It affects your resistance to hostile enchantments.
   It makes you more stealthy.
 A - an uncursed ring of flight
 C - a ring of protection from fire (right hand)
 D - the ring "Folet" (left hand) {+Inv rC+++ MR+ Int+4 Dex-4}
   (You found it in a treasure trove)

   [ring of invisibility]

   It affects your intelligence (+4).
   It affects your dexterity (-4).
   It renders you almost immune to cold.
   It affects your resistance to hostile enchantments.
   It lets you turn invisible.
 I - an uncursed amulet of resist corrosion
 J - an amulet of resist mutation (around neck)
 M - an uncursed ring of protection from magic
 U - the ring of Oqanith {rC+ MP+9 Str+6 Dex+2 Slay+3}
   (You bought it in a shop in a bazaar)

   [ring of strength]

   It affects your strength (+6).
   It affects your dexterity (+2).
   It affects your accuracy and damage with ranged weapons and melee attacks
   (+3).
   It protects you from cold.
   It affects your magic capacity (+9).
Wands
 i - a wand of heal wounds (0)
 t - a wand of digging (14)
 B - a wand of teleportation (1)
 G - a wand of disintegration (16)
 N - a wand of disintegration (13)
Scrolls
 m - 21 scrolls of remove curse
 s - 4 scrolls of identify
 u - a scroll of enchant weapon
 x - 8 scrolls of recharging
 F - 11 scrolls of fog
 P - 2 scrolls of holy word
 R - 3 scrolls of magic mapping
 Z - 4 scrolls of fear
Potions
 g - 5 potions of resistance
 h - 3 potions of might
 j - 6 potions of ambrosia
 l - 4 potions of lignification
 n - 4 potions of cure mutation
 q - 25 potions of curing
 L - 8 potions of agility
 O - 4 potions of cancellation
 Q - a potion of magic
Miscellaneous
 W - a phial of floods
Comestibles
 e - 20 bread rations
 w - 23 meat rations


   Skills:
 + Level 25.1 Fighting
 - Level 23.3 Axes
 - Level 11.2 Crossbows
 - Level 22.2 Armour
 - Level 17.1 Dodging
 - Level 15.1 Shields
 O Level 27 Invocations
 - Level 10.0 Evocations


You had 26 spell levels left.
You didn't know any spells.

Dungeon Overview and Level Annotations

Branches:
Dungeon (15/15)            Temple (0/1) D:5            Lair (8/8) D:9
 Shoals (4/4) Lair:3        Snake (4/4) Lair:6        Slime (6/6) Lair:6
    Orc (4/4) D:9             Elf (3/3) Orc:3        Vaults (5/5) D:14
  Crypt (3/3) Vaults:3       Tomb (0/3) Crypt:3      Depths (5/5) D:15
    Zot (5/5) Depths:5

Altars:
Ashenzari
Elyvilon
Gozag
Kikubaaqudgha
Makhleb
Okawaru
Qazlal
Ru
Sif Muna
Trog
Zin
The Shining One
Beogh
Lugonu

Shops:
D:4 =   D:6 (   D:7 *   D:10 (   Orc:4 :(*[   Elf:1 :*   Elf:2 %%*(
Vaults:1 %   Vaults:2 }   Vaults:3 **=   Vaults:5 =

Portals:
Hell: Depths:1 Depths:2 Depths:3 Depths:4 Depths:5
Abyss: Depths:1 Depths:4 Depths:5
Pandemonium: Depths:1 Depths:3 Depths:5

Annotations:
D:2 Natasha
Depths:3 exclusion: door


Innate Abilities, Weirdness & Mutations

You are under a permanent stasis effect.
You can dig through walls and to a lower floor.
Your four strong arms can wield two-handed weapons with a shield.
You have a pair of large antennae on your head (SInv).
Your magical capacity is low (-10% MP).
You are robust (+10% HP).


Message History

You hear a distant blaring wail to the west.
The orb of fire glows deep purple.
The bolt of fire hits you! You resist.
* * * LOW HITPOINT WARNING * * *
The orb of fire glows bright magenta.
The fireball explodes!
The fireball engulfs you! You resist.
* * * LOW HITPOINT WARNING * * *
Evoke which item? (* to show all) (? for menu, Esc to quit)
Okay, then.
The orb of fire glows yellow.
The bolt of fire hits you!
The orb of fire glows red.
The fireball explodes!
The fireball engulfs you! You resist.
* * * LOW HITPOINT WARNING * * *
The orb of fire glows deep purple.
Strange energies course through your body.
You feel odd for a moment.
The orb of fire glows red.
The bolt of fire hits you! You resist.
You die...

##......<.##...###..#[##......#.#
......##..)............'......'.#
##....##..[....#......##......#..
##....##......[#......##.#..<.#.#
##....##.......#......##.#....#..
......##.......)...##.##.#....#.#
......##.......###.##.##.#.####.#
................................#
####▓▓▓▓########@########▓▓▓▓####
,,,** #..........[....# ##.}.
,,,,** ##.............## ##....
,,,,,** #......*......# ##.....
,,,,,,* ##.......*...## #......
,,,,,,* #...........# #......
,,,,,,* *#...........## #......
,,,,,,* #.........^...# #......
,,,,,,* *#.............## #......


You could see 2 orbs of fire.

Vanquished Creatures
  the royal jelly (Slime:6)
  Tiamat (Zot:5)
  3 orbs of fire (Zot:5)
  Mara (Depths:4)
  A juggernaut (Depths:2)
  3 ancient liches
  A greater mummy (Zig:6)
  Sojobo (Depths:2)
  A pandemonium lord (Zig:9)
  Norris (D:14)
  Saint Roka (Elf:2)
  3 curse toes
  A Killer Klown (Zot:5)
  10 golden dragons
  Nikola (Snake:3)
  the Enchantress (Depths:1)
  2 pearl dragons (Zig:4)
  A bone dragon (Crypt:3)
  3 electric golems
  Jorgrun (Shoals:4)
  11 tentacled monstrosities
  A Hell Sentinel (Zig:9)
  A Cloud Mage (WizLab)
  Rupert (Lair:7)
  13 Orb Guardians (Zot:5)
  An Ice Fiend (Zig:9)
  6 liches
  The ghost of Clownie the Earth Mage, an adept DrCj of Vehumet (Snake:4)
  7 titans
  Asterion (Elf:2)
  2 deep elf blademasters (Elf:3)
  A quicksilver dragon (Vaults:5)
  2 deep elf master archers (Elf:3)
  A kraken (Shoals:3)
  20 acid blobs
  2 sphinxes
  2 Executioners (Zig:9)
  9 death cobs
  An ancient champion (Crypt:2)
  2 octopode crushers (Depths:2)
  The ghost of Starve the Warrior, an adept GrFE of Jiyva (Snake:4)
  2 tentacled starspawn (Abyss:3)
  13 storm dragons
  Agnes (Snake:3)
  Frances (D:12)
  6 tengu reavers
  7 draconian monks
  3 revenants
  14 azure jellies
  Roxanne (D:15)
  5 shadow dragons
  2 daevas
  Ilsuiw (Shoals:4)
  12 greater nagas
  Wiglaf (Depths:2)
  8 draconian knights
  Donald (D:14)
  12 fire giants
  A ghost moth (Zot:5)
  15 frost giants
  Maud (Lair:8)
  2 deep elf sorcerers (Elf:3)
  4 draconian scorchers
  An iron dragon (Depths:4)
  20 vault wardens
  A balrug (Abyss:3)
  Aizul (Elf:3)
  Louise (Depths:5)
  2 warmongers (Zig:9)
  2 cacodemons (Abyss:3)
  8 draconian zealots
  2 curse skulls
  An orc warlord (Orc:4)
  4 draconian shifters
  2 angels (Depths:2)
  2 ghouls (Depths:4)
  A juggernaut zombie (Depths:4)
  2 draconian annihilators
  The ghost of DeXoteric the Imperceptible, an adept SpEn of Dithmenos (Shoals:3)
  3 reapers
  A juggernaut skeleton (Depths:4)
  13 ironheart preservers
  19 stone giants
  15 very ugly things
  A salamander firebrand (Depths:5)
  4 spriggan defenders
  9 deep elf demonologists
  5 war gargoyles
  3 draconian callers
  3 salamander stormcallers
  11 purple draconians
  10 black draconians
  12 green draconians
  6 deep elf annihilators
  The ghost of Opium the Protected, a journeyman DsGl of Nemelex Xobeh (D:12)
  4 mottled draconians
  11 white draconians
  7 yellow draconians
  6 red draconians
  A blizzard demon (Abyss:3)
  A lorocyproca (Zig:9)
  12 vampire knights
  A quicksilver dragon zombie (Crypt:3)
  2 eidola
  18 death oozes
  12 ettins
  10 deep elf death magi
  6 merfolk javelineers
  12 great orbs of eyes
  2 green deaths
  7 merfolk impalers
  Josephine (D:12)
  4 rakshasas
  14 fire dragons
  24 vault guards
  16 yaktaur captains
  15 jiangshi
  10 hydras
  4 deep elf high priests
  7 spriggan air magi
  16 naga warriors
  Harold (D:11)
  A quicksilver dragon skeleton (Depths:4)
  12 ice dragons
  6 entropy weavers
  5 merfolk avatars
  A hydra (shapeshifter) (Depths:4)
  7 merfolk aquamancers
  3 satyrs
  10 centaur warriors
  10 anacondas
  16 dancing weapons
  An alligator snapping turtle (Shoals:4)
  9 death yaks
  7 tengu warriors
  An alligator (Zig:8)
  4 death knights
  14 ogre magi
  7 deep troll earth magi
  5 deep troll shamans
  5 orc high priests (Orc:4)
  11 thrashing horrors (Abyss:3)
  12 vampire magi
  Urug (D:15)
  7 soul eaters
  9 spriggan berserkers
  25 deep elf knights
  A storm dragon zombie (Crypt:1)
  21 naga sharpshooters
  7 hell knights
  Sonja (Lair:1)
  3 shock serpents
  2 sun demons (Abyss:3)
  4 giant orange brains
  5 iron trolls
  A death scarab (Zig:6)
  2 titan skeletons (Depths:4)
  5 wretched stars (Abyss:3)
  An ice devil (Abyss:3)
  A fire crab (Vaults:5)
  2 golden dragon zombies (Depths:4)
  A storm dragon skeleton (Depths:4)
  22 skeletal warriors
  A fire crab (shapeshifter) (D:14)
  4 salamander mystics
  A shadow wraith (Crypt:1)
  8 sea snakes
  29 deep trolls
  A ghost moth zombie (Crypt:2)
  3 flayed ghosts
  14 naga ritualists
  24 deep elf summoners
  A tengu zombie (Vaults:5)
  3 anubis guards (Zig:6)
  A lindwurm (shapeshifter) (Crypt:1)
  13 deep elf conjurers
  3 unseen horrors
  A shadow demon (Zig:9)
  A golden dragon skeleton (Depths:4)
  An obsidian statue (Zig:9)
  2 harpies (shapeshifter)
  9 necromancers
  A cherub (Zig:4)
  4 harpies (Shoals:2)
  48 ugly things
  An orb spider (shapeshifter) (Elf:1)
  19 ironbrand convokers
  2 shadow dragon zombies (Crypt:3)
  12 large abominations
  A sphinx zombie (Depths:4)
  A wolf spider zombie (Crypt:3)
  9 hill giants
  23 orc knights
  13 phantasmal warriors
  A shadow dragon skeleton (Depths:4)
  6 orc sorcerers
  3 shining eyes
  A sixfirhy (Abyss:3)
  4 hornets
  15 moths of wrath
  2 stone giant zombies
  8 wolf spiders
  15 fauns
  3 fire giant zombies
  A guardian serpent (shapeshifter) (Vaults:3)
  2 water nymphs
  24 elephants
  A salamander (shapeshifter) (Vaults:5)
  14 mana vipers
  2 sphinx skeletons (Depths:4)
  An elephant (shapeshifter) (Vaults:5)
  16 salamanders
  8 cyclopes
  An eye of devastation (Slime:4)
  A moth of wrath (shapeshifter) (Vaults:1)
  13 griffons
  6 fire giant skeletons
  31 naga magi
  Maurice (D:8)
  An apocalypse crab (Abyss:3)
  13 vault sentinels
  55 black mambas
  2 frost giant skeletons
  Joseph (D:7)
  7 sirens
  20 spiny frogs
  2 torpor snails (shapeshifter)
  4 guardian serpents
  An octopode (shapeshifter) (Depths:2)
  11 manticores
  7 gargoyles
  3 torpor snails
  Psyche (D:9)
  An orange demon (Abyss:3)
  A komodo dragon (shapeshifter) (Elf:3)
  An elf zombie (Depths:4)
  A smoke demon (Zig:9)
  A catoblepas zombie (Crypt:2)
  A red devil (Abyss:3)
  A demonic crawler (Crypt:1)
  19 small abominations
  2 dire elephant skeletons
  10 komodo dragons
  7 fire drakes
  3 kobold demonologists
  49 yaktaurs
  A blue devil (Abyss:3)
  5 ancient zymes
  A yaktaur skeleton (Vaults:5)
  3 spriggan druids
  10 wind drakes
  A hellwing (Abyss:3)
  26 two-headed ogres
  2 jumping spiders
  2 giant leeches (Zig:8)
  5 freezing wraiths
  A minotaur zombie (Crypt:1)
  2 queen bees
  24 deep elf priests
  6 polar bears
  38 merfolk
  A guardian mummy (Zig:6)
  12 trolls
  A troll (shapeshifter) (D:10)
  3 hydra skeletons (Crypt:1)
  Grinder (D:6)
  A polar bear (shapeshifter) (Vaults:2)
  Prince Ribbit (D:7)
  4 boulder beetles
  A tengu simulacrum (Vaults:3)
  An ettin zombie (Crypt:3)
  A blink frog (shapeshifter) (Elf:1)
  A stone giant simulacrum (Crypt:1)
  10 snapping turtles
  A human simulacrum (Vaults:5)
  7 raiju (Abyss:3)
  27 blink frogs
  97 slime creatures
  16 flying skulls
  2 ettin skeletons
  15 redbacks
  2 trapdoor spiders
  11 starcursed masses (Abyss:3)
  21 spriggans
  A black mamba zombie (Crypt:3)
  15 vampires
  2 ice dragon skeletons (Crypt:3)
  3 shadows
  13 fire dragon skeletons (Crypt:3)
  32 air elementals
  8 water elementals
  8 golden eyes
  2 ynoxinuls
  A steam dragon (D:12)
  43 deep elf fighters
  16 humans
  21 vampire mosquitoes
  9 wyverns
  38 deep elf magi
  A giant leech zombie (Crypt:2)
  5 neqoxecs (Abyss:3)
  A yak (shapeshifter) (Vaults:2)
  23 hippogriffs
  An elf skeleton (Vaults:5)
  4 hungry ghosts
  5 basilisks
  13 wraiths
  59 yaks
  5 wargs
  A hill giant skeleton (Crypt:1)
  2 spatial vortices (Abyss:3)
  A warg (shapeshifter) (Vaults:5)
  A soldier ant (D:13)
  Edmund (D:5)
  7 insubstantial wisps (WizLab)
  2 chaos spawn
  A putrid demonspawn zombie (Crypt:3)
  A monstrous demonspawn zombie (Crypt:2)
  42 nagas
  A mottled dragon (Vaults:2)
  15 water moccasins
  2 ice beasts
  2 swamp drakes (Zig:8)
  49 orc warriors
  48 wolves
  A hell hound (Lair:7)
  14 porcupines
  4 sky beasts
  An ettin simulacrum (Vaults:2)
  An eye of draining (shapeshifter) (Elf:3)
  8 eyes of draining
  11 wasps
  A black bear (shapeshifter) (Depths:3)
  2 phantoms
  2 black bears (Lair:8)
  3 boggarts (Depths:1)
  An ogre (shapeshifter) (Depths:2)
  A manticore skeleton (Crypt:2)
  62 ogres
  A snapping turtle skeleton (Crypt:2)
  6 crocodiles
  5 big kobolds
  A fire drake zombie (Crypt:1)
  A necrophage (D:7)
  34 centaurs
  A fire crab zombie (Crypt:1)
  Blork the orc (D:4)
  A brain worm (D:13)
  34 giant frogs
  A wyvern zombie (D:9)
  A gnoll sergeant (D:9)
  7 scorpions
  A wyvern skeleton (D:10)
  5 wights (D:6)
  A yak zombie (Crypt:1)
  An orc simulacrum (Vaults:1)
  A polar bear zombie (Crypt:1)
  8 electric eels
  55 killer bees
  A polar bear skeleton (Crypt:1)
  4 crimson imps
  2 giant frog zombies
  2 centaur zombies
  2 giant frog skeletons
  11 human zombies
  23 orc priests
  26 jellies
  14 hounds
  A quasit (Abyss:3)
  6 two-headed ogre zombies (Orc:3)
  8 centaur skeletons
  4 iron imps
  8 iguanas
  42 orc wizards
  A human skeleton (Crypt:2)
  8 hell rats
  A lightning spire (Zig:8)
  10 worker ants
  5 sheep
  2 hound zombies
  A hound skeleton (D:4)
  4 mummies (Zig:6)
  A steam dragon zombie (Crypt:2)
  3 gnolls (D:9)
  21 adders
  54 river rats
  A steam dragon skeleton (Crypt:1)
  7 shadow imps
  An adder zombie (D:9)
  2 adder skeletons
  A lava snake skeleton (Crypt:2)
  3 worms
  6 giant geckos
  259 orcs
  A ball python (D:4)
  6 giant cockroaches
  4 hobgoblins
  14 jackals
  7 quokkas
  11 bats
  2 giant newts
  14 goblins
  A jackal zombie (Crypt:1)
  29 kobolds
  A kobold zombie (Crypt:1)
  20 rats
  2 bushes (Depths:5)
  13 crawling corpses
  3 fire vortices (Vaults:5)
  12 fungi
  2 macabre masses (Abyss:3)
  21 plants
  A spectral weapon (Elf:2)
  7 starspawn tentacles (Abyss:3)
  A starspawn tentacle segment (Abyss:3)
3419 creatures vanquished.

Vanquished Creatures (collateral kills)
  An orb of fire (Zot:5)
  An ancient lich (Zot:5)
  An Orb Guardian (Zot:5)
  A tengu reaver (Vaults:5)
  A merfolk javelineer (Shoals:4)
  An ice dragon (Zot:5)
  A merfolk aquamancer (Shoals:4)
  3 large abominations (Abyss:3)
  A spriggan berserker (Depths:2)
  2 giant orange brains (Abyss:3)
  A shining eye (Abyss:3)
  A manticore (Shoals:4)
  A guardian mummy (Zig:6)
  2 merfolk (Shoals:4)
  A flying skull (Abyss:3)
  A golden eye (Abyss:3)
  2 spatial vortices (Abyss:3)
  4 small abominations (Abyss:3)
  A mummy (Zig:6)
  A macabre mass (Abyss:3)
28 creatures vanquished.

Vanquished Creatures (others)
  A draconian scorcher (Zot:3)
  7 vault guards (Vaults:5)
  A yaktaur captain (Depths:4)
  An ogre mage (Depths:2)
  A hornet (Crypt:1)
  A mana viper (Snake:3)
  2 moths of wrath
  A water nymph (Shoals:4)
  A naga mage (Snake:4)
  2 black mambas (Snake:3)
  A two-headed ogre (Vaults:1)
  An air elemental (Depths:4)
  A naga (Snake:2)
  A small abomination (Abyss:3)
  3 bushes
  A fire vortex (Depths:5)
  48 fungi
  6 lost souls
  60 plants
  3 starspawn tentacles (Abyss:3)
  34 starspawn tentacle segments (Abyss:3)
177 creatures vanquished.

Grand Total: 3624 creatures vanquished

Notes
Turn   | Place    | Note
--------------------------------------------------------------
     0 | D:1      | Kloppie the Formicid Fighter began the quest for the Orb.
     0 | D:1      | Reached XP level 1. HP: 18/18 MP: 1/1
    69 | D:1      | Reached XP level 2. HP: 24/24 MP: 2/2
   486 | D:2      | Reached skill level 4 in Fighting
   486 | D:2      | Reached XP level 3. HP: 30/30 MP: 3/3
   734 | D:2      | Reached XP level 4. HP: 2/38 MP: 4/4
  1057 | D:2      | Noticed Natasha
  1557 | D:3      | Found a burning altar of Makhleb.
  1560 | D:3      | Reached XP level 5. HP: 43/43 MP: 5/5
  1623 | D:3      | Found a glowing drain.
  1633 | D:3      | Reached skill level 5 in Fighting
  1902 | D:4      | Found a shattered altar of Ashenzari.
  1972 | D:4      | Reached XP level 6. HP: 51/51 MP: 6/6
  2261 | D:4      | Noticed an ogre
  2262 | D:4      | Noticed an ogre
  2284 | D:4      | Killed an ogre
  2284 | D:4      | Reached skill level 6 in Fighting
  2287 | D:4      | Killed an ogre
  2287 | D:4      | Reached skill level 5 in Axes
  2287 | D:4      | Reached XP level 7. HP: 31/59 MP: 7/7
  2509 | D:4      | Found a glowing silver altar of Zin.
  2516 | D:4      | Found Fyecsudd's Jewellery Boutique.
  2524 | D:4      | Bought a cursed ring of loudness for 54 gold pieces
  2598 | D:4      | Noticed an ogre
  2604 | D:4      | Killed an ogre
  2704 | D:4      | Noticed Blork the orc
  2714 | D:4      | Killed Blork the orc
  2714 | D:4      | Reached skill level 7 in Fighting
  2916 | D:5      | Entered Level 5 of the Dungeon
  3180 | D:5      | Noticed Edmund
  3195 | D:5      | Killed Edmund
  3195 | D:5      | Reached XP level 8. HP: 48/67 MP: 8/8
  3799 | D:5      | Found a white marble altar of Elyvilon.
  3805 | D:5      | Found a sacrificial altar of Ru.
  3808 | D:5      | Found a stormy altar of Qazlal.
  3809 | D:5      | Found a glowing golden altar of the Shining One.
  3809 | D:5      | Found a deep blue altar of Sif Muna.
  3813 | D:5      | Found an iron altar of Okawaru.
  3814 | D:5      | Found an opulent altar of Gozag.
  3817 | D:5      | Became a worshipper of the Shining One
  4052 | D:5      | Found a staircase to the Ecumenical Temple.
  4393 | D:6      | Reached skill level 8 in Fighting
  4899 | D:6      | Found Taucad's Weapon Boutique.
  5003 | D:6      | Noticed Grinder
  5012 | D:6      | Killed Grinder
  5045 | D:6      | Reached XP level 9. HP: 75/75 MP: 9/9
  5226 | D:6      | Reached skill level 9 in Fighting
  5740 | D:7      | Reached * piety under the Shining One
  5806 | D:7      | Got a steaming ring mail
  5817 | D:7      | Identified the +3 ring mail "Wuonuni" {MR++} (You found it on level 7 of the Dungeon)
  5851 | D:7      | Reached skill level 5 in Shields
  5923 | D:7      | Noticed Joseph
  5931 | D:7      | Killed Joseph
  6240 | D:7      | Reached XP level 10. HP: 83/83 MP: 10/10
  6533 | D:7      | Noticed Prince Ribbit
  6535 | D:7      | Killed Prince Ribbit
  6614 | D:7      | Found Booheghi's Serpentskin Sales.
  6619 | D:7      | Reached skill level 10 in Axes
  6816 | D:8      | Noticed Maurice
  6826 | D:8      | Killed Maurice
  7445 | D:9      | Noticed Psyche
  7454 | D:9      | Killed Psyche
  7461 | D:9      | Found a shattered altar of Ashenzari.
  7480 | D:9      | Reached ** piety under the Shining One
  7569 | D:9      | Reached skill level 11 in Axes
  7578 | D:9      | Reached XP level 11. HP: 73/89 MP: 11/11
  7588 | D:9      | Reached skill level 10 in Shields
  7791 | D:9      | Found a staircase to the Lair.
  8211 | D:9      | Found a staircase to the Orcish Mines.
  8592 | Lair:1   | Entered Level 1 of the Lair of Beasts
  8724 | Lair:1   | Reached skill level 5 in Armour
  9029 | Lair:1   | Noticed a four-headed hydra
  9043 | Lair:1   | Killed a four-headed hydra
  9166 | Lair:1   | Noticed Sonja
  9174 | Lair:1   | Reached skill level 12 in Axes
  9210 | Lair:1   | Killed Sonja
 10257 | Lair:2   | Reached XP level 12. HP: 79/96 MP: 12/12
 10655 | Lair:2   | Reached *** piety under the Shining One
 11089 | Lair:3   | Reached skill level 10 in Fighting
 11763 | D:4      | Bought the ring of Ekaxt {+Blink rPois} for 408 gold pieces
 12181 | Lair:3   | Found a staircase to the Shoals.
 12458 | Lair:3   | Reached skill level 10 in Armour
 13680 | Lair:4   | Reached **** piety under the Shining One
 13686 | Lair:4   | Reached XP level 13. HP: 91/107 MP: 13/13
 15049 | Lair:5   | Reached skill level 13 in Fighting
 15952 | Lair:6   | Found a staircase to the Snake Pit.
 15980 | Lair:6   | Found a staircase to the Slime Pits.
 16432 | Lair:6   | Reached XP level 14. HP: 44/119 MP: 14/14
 17062 | Lair:7   | Reached skill level 14 in Fighting
 17078 | Lair:7   | Reached skill level 1 in Invocations
 17091 | Lair:7   | Noticed Rupert
 17106 | Lair:7   | Killed Rupert
 17533 | Lair:7   | Reached skill level 5 in Invocations
 18780 | Lair:7   | Reached skill level 10 in Invocations
 19545 | Orc:1    | Entered Level 1 of the Orcish Mines
 19667 | Orc:2    | Reached ***** piety under the Shining One
 19953 | Orc:2    | Found a roughly hewn altar of Beogh.
 20202 | Orc:1    | Found a roughly hewn altar of Beogh.
 20768 | Orc:3    | Found a burning altar of Makhleb.
 20879 | Orc:3    | Found a flagged portal.
 20888 | Bailey   | Entered a bailey
 21938 | Orc:3    | Found a staircase to the Elven Halls.
 22423 | Orc:4    | Entered Level 4 of the Orcish Mines
 22440 | Orc:4    | Reached XP level 15. HP: 116/126 MP: 22/22
 22473 | Orc:4    | Found a bloodstained altar of Trog.
 22639 | Orc:4    | Noticed an orc warlord
 22824 | Orc:4    | Killed an orc warlord
 23381 | Orc:4    | Found Vumnenk's Antique Weapon Shop.
 24327 | Orc:4    | Found Caicloyb's General Store.
 24340 | Orc:4    | Found Jifaris's Book Shoppe.
 24414 | Orc:4    | Found Riryst's Antique Armour Boutique.
 24453 | Orc:4    | Bought a shiny chain mail for 112 gold pieces
 24806 | D:10     | Entered Level 10 of the Dungeon
 25321 | D:10     | Found Makir's Weapon Shoppe.
 25351 | D:10     | Reached skill level 15 in Axes
 26566 | D:11     | Noticed Harold
 26575 | D:11     | Killed Harold
 26739 | D:12     | Reached ****** piety under the Shining One
 26889 | D:12     | Noticed Opium's ghost (journeyman DsGl)
 26893 | D:12     | Reached skill level 16 in Axes
 26921 | D:12     | Noticed Josephine
 26921 | D:12     | Noticed Frances
 27236 | D:12     | Killed Opium's ghost
 27246 | D:12     | Killed Josephine
 27449 | D:12     | Killed Frances
 27449 | D:12     | Reached XP level 16. HP: 98/133 MP: 23/23
 28219 | Lair:8   | Entered Level 8 of the Lair of Beasts
 28453 | Lair:8   | Reached skill level 17 in Axes
 28617 | Lair:8   | Noticed Maud
 28628 | Lair:8   | Killed Maud
 29430 | Lair:8   | Reached skill level 18 in Axes
 30704 | D:4      | Bought an uncursed amulet of clarity for 240 gold pieces
 30704 | D:4      | Bought the amulet "Nirghotu" {rN+ Regen+} for 494 gold pieces
 30704 | D:4      | Bought the ring of Qakips {rElec rF- MR++ AC+3 Stlth+} for 470 gold pieces
 31159 | Snake:1  | Entered Level 1 of the Snake Pit
 31978 | Snake:1  | Reached XP level 17. HP: 132/139 MP: 24/24
 32101 | Snake:1  | Reached skill level 19 in Axes
 34442 | Snake:3  | Noticed Nikola
 34458 | Snake:3  | Killed Nikola
 35349 | Snake:3  | Reached skill level 15 in Shields
 36166 | Snake:3  | Noticed Agnes
 36194 | Snake:3  | Killed Agnes
 36194 | Snake:3  | Reached XP level 18. HP: 120/146 MP: 25/25
 37036 | Snake:4  | Entered Level 4 of the Snake Pit
 37325 | Snake:4  | Noticed Clownie's ghost (adept DrCj)
 37352 | Snake:4  | Noticed Starve's ghost (adept GrFE)
 37382 | Snake:4  | Killed Clownie's ghost
 37382 | Snake:4  | Reached skill level 20 in Axes
 37403 | Snake:4  | Killed Starve's ghost
 38267 | Snake:4  | Reached skill level 15 in Fighting
 39281 | Snake:4  | Reached XP level 19. HP: 112/157 MP: 26/26
 39740 | Snake:4  | Got a serpentine rune of Zot
 39754 | Snake:4  | Got a jewelled spear {flame}
 41091 | Lair:1   | Identified the +1 spear of Slime {flame, rPois rC+ MR+} (You took it off a naga mage on level 4 of the Snake Pit)
 41415 | D:13     | Gained mutation: You are robust (+10% HP). [potion of beneficial mutation]
 41836 | D:14     | Found a gate to the Vaults.
 41836 | D:14     | Noticed Donald
 41836 | D:14     | Noticed Norris
 41899 | D:14     | Killed Donald
 41911 | D:14     | Killed Norris
 42659 | D:15     | Entered Level 15 of the Dungeon
 42718 | D:15     | Noticed Urug
 42733 | D:15     | Killed Urug
 42946 | D:15     | Found a staircase to the Depths.
 43054 | D:15     | Noticed Roxanne
 43071 | D:15     | Killed Roxanne
 43260 | D:15     | Got a polished chain mail
 43271 | D:15     | Identified the +1 chain mail "Qoargh" {*Corrode Int+3 Stlth+} (You found it on level 15 of the Dungeon)
 43463 | D:15     | Found a portal to a secret trove of treasure.
 43826 | Vaults:1 | Entered Level 1 of the Vaults
 43964 | Vaults:1 | Found Nezxar's Food Emporium.
 44043 | Vaults:1 | Reached XP level 20. HP: 179/191 MP: 27/27
 46876 | Vaults:2 | Reached XP level 21. HP: 201/201 MP: 32/32
 46878 | Vaults:2 | Reached skill level 15 in Invocations
 47113 | Vaults:2 | Found Wocvuut's Gadget Boutique.
 47630 | Vaults:3 | Found a magical portal.
 47646 | WizLab   | Entered The Chambers of Tifoxe Hats the Cloud Mage
 48594 | WizLab   | Identified the Reference Book on Excruciating Air
 48599 | WizLab   | Identified the Grimoire of the Harmful Birds
 48789 | Vaults:3 | Found Leczasm's General Store.
 49092 | Vaults:3 | Found Rijergho's Assorted Antiques.
 49137 | Vaults:3 | Bought a scroll of identify for 80 gold pieces
 49303 | Vaults:3 | Found a staircase to the Crypt.
 49416 | Vaults:3 | Found Pac Ohats's Jewellery Boutique.
 49422 | Vaults:3 | Bought a cursed -2 ring of slaying for 30 gold pieces
 50497 | Vaults:3 | Reached XP level 22. HP: 206/209 MP: 35/35
 51310 | Vaults:4 | Reached skill level 1 in Crossbows
 51807 | Vaults:4 | Reached skill level 5 in Crossbows
 52803 | Elf:1    | Entered Level 1 of the Elven Halls
 52834 | Elf:1    | Found Ulaadwak's Book Shoppe.
 53010 | Elf:1    | Got a spiked chain mail
 53017 | Elf:1    | Identified the +1 chain mail of Qirrigh {Regen+ Int+4 Dex+3} (You found it on level 1 of the Elven Halls)
 53118 | Elf:1    | Found Yleisybefa's Assorted Antiques.
 53174 | Elf:1    | Bought a scroll of identify for 82 gold pieces
 53571 | Elf:2    | Found Vuili's Food Shop.
 53578 | Elf:2    | Found Ytidweun's General Store.
 53681 | Elf:2    | Found Qemen's Food Emporium.
 53809 | Elf:2    | Found Ilis's Antique Weapon Boutique.
 53852 | Elf:2    | Bought a scroll of acquirement for 936 gold pieces
 54001 | Elf:2    | Found a huge runed gate.
 54001 | Elf:2    | Found a huge runed gate.
 54001 | Elf:2    | Found a huge runed gate.
 54001 | Elf:2    | Found a huge runed gate.
 54001 | Elf:2    | Found a huge runed gate.
 54066 | Elf:2    | Reached skill level 10 in Crossbows
 54247 | Elf:2    | Noticed Asterion
 54256 | Elf:2    | Reached XP level 23. HP: 182/215 MP: 37/37
 54266 | Elf:2    | Killed Asterion
 54306 | Elf:2    | Noticed Saint Roka
 54330 | Elf:2    | Killed Saint Roka
 54963 | Elf:3    | Entered Level 3 of the Elven Halls
 55257 | Elf:3    | Reached skill level 15 in Armour
 55557 | Elf:3    | Got a smoking war axe {chop}
 55560 | Elf:3    | Identified the +8 war axe of Uvolyis {chop, rF++ Int+7} (You took it off a deep elf demonologist on level 3 of the Elven Halls)
 55611 | Elf:3    | Got a glittering silver ring
 55617 | Elf:3    | Identified the cursed ring of Ziome {AC-3 Str+3} (You took it off a deep elf demonologist on level 3 of the Elven Halls)
 56010 | Elf:3    | Got a heavily runed fire dragon armour
 56011 | Elf:3    | Identified the +1 fire dragon armour of the Shining Light {rF++ rC- MR- Int+4 Stlth+} (You took it off a deep elf blademaster on level 3 of the Elven Halls)
 56141 | Elf:3    | Identified the Disquisition on Confrontation and Shape Shifting (You found it on level 3 of the Elven Halls)
 56373 | Elf:3    | Noticed Aizul
 56381 | Elf:3    | Killed Aizul
 57065 | Depths:1 | Entered Level 1 of the Depths
 57354 | Depths:1 | Found a one-way gate leading to the halls of Pandemonium.
 57356 | Depths:1 | Found a gateway to Hell.
 57361 | Depths:1 | Found a one-way gate to the infinite horrors of the Abyss.
 58063 | Depths:1 | Reached XP level 24. HP: 224/224 MP: 37/37
 58366 | Depths:2 | Noticed the Enchantress
 58410 | Depths:1 | Killed the Enchantress
 58792 | Depths:1 | Got a faerie dragon armour
 58793 | Depths:1 | Identified the +2 faerie dragon armour {MR+ Dex+6} (You took it off the Enchantress on level 1 of the Depths)
 59603 | Depths:2 | HP: 1/224 [death yak[a spriggan berserker] (24)]
 59616 | Depths:2 | The Shining One protects you from harm!
 60068 | Depths:2 | Noticed Sojobo
 60079 | Depths:2 | Noticed Wiglaf
 60089 | Depths:2 | Killed Sojobo
 60096 | Depths:2 | Killed Wiglaf
 60362 | Depths:2 | Found a gateway to a ziggurat.
 60517 | Depths:2 | Found an ancient bone altar of Kikubaaqudgha.
 60588 | Depths:2 | Identified the Grimoire of Blows and Bruises and Lightness
 60744 | Depths:2 | Noticed a juggernaut
 60756 | Depths:2 | Killed a juggernaut
 61732 | Depths:3 | Reached XP level 25. HP: 190/231 MP: 37/37
 62170 | Depths:4 | Reached skill level 21 in Armour
 62434 | Depths:4 | Noticed Mara
 62435 | Depths:4 | Noticed Kloppie's illusion
 62466 | Depths:4 | Killed Mara
 62812 | Depths:4 | Reached skill level 22 in Armour
 63013 | Depths:4 | Reached skill level 1 in Dodging
 63192 | Depths:5 | Entered Level 5 of the Depths
 63202 | Depths:5 | Noticed Louise
 63208 | Depths:5 | Killed Louise
 63321 | Depths:5 | Found a flickering gateway to a bazaar.
 63336 | Depths:5 | Reached skill level 5 in Dodging
 63392 | Bazaar   | Entered a bazaar
 63392 | Bazaar   | Found Inaano Iliaps's Antique Weapon Emporium.
 63392 | Bazaar   | Found Adoidun's Book Shoppe.
 63392 | Bazaar   | Found Hocon's Jewellery Shoppe.
 63392 | Bazaar   | Found Gywuwuh's Armour Emporium.
 63392 | Bazaar   | Found Uclag's General Store.
 63410 | Bazaar   | Bought the ring of Oqanith {rC+ MP+9 Str+6 Dex+2 Slay+3} for 803 gold pieces
 63562 | Depths:5 | Found an iron altar of Okawaru.
 63646 | Depths:5 | Found a gate to the Realm of Zot.
 63662 | Depths:5 | Reached XP level 26. HP: 183/239 MP: 37/37
 64466 | Vaults:5 | Entered Level 5 of the Vaults
 64524 | Vaults:5 | Reached skill level 10 in Dodging
 64707 | Vaults:5 | Got an uncursed crystal hand axe {elec}
 64708 | Vaults:5 | Identified the +6 hand axe of Forgiveness {elec, rF+ Stlth+} (You took it off a yaktaur on level 5 of the Vaults)
 64816 | Vaults:5 | Got a bloodstained scale mail
 64817 | Vaults:5 | Identified the cursed +0 scale mail of Dithmenos's Scorn {Int+4} (You found it on level 5 of the Vaults)
 64821 | Vaults:5 | Identified a +4 rod of clouds (12/12) (You found it on level 5 of the Vaults)
 65055 | Vaults:5 | Identified Sif Muna's Catalogue of the Arsonist
 65271 | Vaults:5 | Got a silver rune of Zot
 65521 | Vaults:5 | Reached XP level 27. HP: 225/246 MP: 37/37
 65925 | Vaults:5 | Got a bone war axe {drain}
 65926 | Vaults:5 | Identified the cursed +1 war axe "Rexi" {drain, rN+ Str+3} (You took it off a deep elf high priest on level 5 of the Vaults)
 65962 | Vaults:5 | Found Kidoe's Jewellery Shoppe.
 66132 | Vaults:5 | Identified a +1 pair of boots of running (You found it on level 5 of the Vaults)
 66162 | Vaults:5 | Got a pair of distressingly furry gloves
 66163 | Vaults:5 | Identified the +1 pair of gloves "Niahydukk" {Dex+3} (You found it on level 5 of the Vaults)
 66857 | Shoals:1 | Entered Level 1 of the Shoals
 67028 | Shoals:2 | Reached skill level 15 in Dodging
 67099 | Shoals:3 | Noticed DeXoteric's ghost (adept SpEn)
 67109 | Shoals:3 | Killed DeXoteric's ghost
 67792 | Shoals:4 | Entered Level 4 of the Shoals
 67860 | Shoals:4 | Noticed Ilsuiw
 67884 | Shoals:4 | Killed Ilsuiw
 68194 | Shoals:4 | Identified a +2 pair of boots of running (You found it on level 4 of the Shoals)
 68375 | Shoals:4 | Noticed Jorgrun
 68390 | Shoals:4 | Killed Jorgrun
 68642 | Shoals:4 | Got a barnacled rune of Zot
 69366 | Crypt:1  | Entered Level 1 of the Crypt
 69807 | Crypt:1  | Found a runed gate.
 69807 | Crypt:1  | Found a runed gate.
 69807 | Crypt:1  | Found a runed gate.
 70065 | Crypt:1  | Got a pair of translucent gloves
 70066 | Crypt:1  | Identified the +4 pair of gloves of Roqa Ive {-Cast Regen+ Str+6 Int+4} (You found it on level 1 of the Crypt)
 70781 | Crypt:3  | Entered Level 3 of the Crypt
 71129 | Crypt:3  | Found a staircase to the Tomb.
 71777 | Crypt:3  | Found an ancient bone altar of Kikubaaqudgha.
 71779 | Crypt:3  | Noticed an ancient lich
 71793 | Crypt:3  | Killed an ancient lich
 71832 | Crypt:3  | Noticed an ancient lich
 71848 | Crypt:3  | Killed an ancient lich
 72769 | Slime:1  | Entered Level 1 of the Pits of Slime
 72879 | Slime:2  | Reached skill level 23 in Fighting
 73445 | Slime:6  | Entered Level 6 of the Pits of Slime
 73524 | Slime:6  | Noticed the royal jelly
 73967 | Slime:6  | Killed the royal jelly
 73967 | Slime:6  | Reached skill level 24 in Fighting
 74738 | Slime:6  | Identified the Grimoire of Quantum Creation
 74741 | Slime:6  | Got a slimy rune of Zot
 74746 | Slime:6  | Got a pair of warped boots
 74747 | Slime:6  | Identified the +1 pair of boots "Noimoq" {+Blink rF+} (You found it on level 6 of the Pits of Slime)
 74753 | Slime:6  | Got a heavily runed wooden ring
 74754 | Slime:6  | Identified the ring "Unuvag" {+Fly rPois rF- MR+} (You found it on level 6 of the Pits of Slime)
 74772 | Slime:6  | Identified a cursed +4 rod of destruction (10/10) (You found it on level 6 of the Pits of Slime)
 75515 | D:15     | You showed the slimy rune of Zot to enter a treasure trove
 75516 | Trove    | Entered a treasure trove
 75527 | Trove    | Got a smoking golden ring
 75528 | Trove    | Identified the ring "Folet" {+Inv rC+++ MR+ Int+4 Dex-4} (You found it in a treasure trove)
 75552 | Trove    | Got a translucent copper amulet
 75553 | Trove    | Identified the amulet of Ajoyruw {Faith rElec MR+ Str+2} (You found it in a treasure trove)
 75555 | Trove    | Got a scintillating pewter ring
 75556 | Trove    | Identified the ring of Gozag's Reproof {rN+ Slay+3} (You found it in a treasure trove)
 75567 | Trove    | Got a slimy turquoise ring
 75568 | Trove    | Identified the ring "Cer Affe" {rC+ Int+2} (You found it in a treasure trove)
 76654 | Depths:1 | Reached skill level 1 in Evocations
 76723 | Depths:1 | Voluntarily entered the Abyss.
 76723 | Abyss:1  | Found a corrupted altar of Lugonu.
 76807 | Abyss:3  | Found a corrupted altar of Lugonu.
 76995 | Abyss:3  | Reached skill level 5 in Evocations
 77394 | Abyss:3  | Found a corrupted altar of Lugonu.
 77417 | Abyss:3  | Found a runed door.
 77417 | Abyss:3  | Found a runed door.
 77420 | Abyss:3  | Found a runed door.
 77453 | Abyss:3  | Got an abyssal rune of Zot
 77465 | Abyss:3  | Found a corrupted altar of Lugonu.
 77565 | Abyss:3  | Found a corrupted altar of Lugonu.
 77605 | Abyss:3  | Found a corrupted altar of Lugonu.
 77613 | Depths:1 | Escaped the Abyss
 77843 | Zot:1    | Entered Level 1 of the Realm of Zot
 77903 | Zot:1    | Reached skill level 10 in Evocations
 80594 | Zot:3    | Found a corrupted altar of Lugonu.
 80957 | Zot:3    | Identified the Almanac of the Zealot
 80971 | Zot:3    | Identified Viyfuen's Volume of Fire and Brimstone
 82347 | Zig:1    | Entered Level 1 of a ziggurat
 82361 | Zig:2    | Entered Level 2 of a ziggurat
 82379 | Zig:3    | Entered Level 3 of a ziggurat
 82407 | Zig:4    | Entered Level 4 of a ziggurat
 82467 | Zig:5    | Entered Level 5 of a ziggurat
 82555 | Zig:6    | Entered Level 6 of a ziggurat
 82562 | Zig:6    | Noticed a greater mummy
 82583 | Zig:6    | Killed a greater mummy
 82609 | Zig:6    | Got a vibrating diamond amulet
 82730 | Zig:7    | Entered Level 7 of a ziggurat
 82812 | Zig:8    | Entered Level 8 of a ziggurat
 82854 | Zig:8    | Identified the amulet of the Four Deaths {Inacc rF+ rN+} (You found it on level 6 of a ziggurat)
 82862 | Zig:8    | Got a transparent broad axe
 82863 | Zig:8    | Identified the +7 broad axe "Edolenwu" {venom, +Inv Dex+3} (You found it on level 8 of a ziggurat)
 82867 | Zig:8    | Got a translucent sapphire amulet
 82869 | Zig:8    | Identified the amulet "Edawk" {Gourm Dex+2} (You found it on level 8 of a ziggurat)
 82909 | Zig:9    | Entered Level 9 of a ziggurat
 82916 | Zig:9    | Noticed Geiqot the pandemonium lord
 82938 | Zig:9    | Killed Geiqot the pandemonium lord
 82940 | Zig:9    | Reached skill level 25 in Invocations
 83200 | Zig:9    | Got a vibrating copper ring
 83201 | Zig:9    | Identified the ring of the King {+/*Tele rC+ Str-5 Slay+3} (You found it on level 9 of a ziggurat)
 83213 | Zig:9    | Got an ancient chain mail
 83214 | Zig:9    | Identified the +4 chain mail of Qumaa {rN+ Int+4} (You found it on level 9 of a ziggurat)
 83525 | Zot:5    | Entered Level 5 of the Realm of Zot
 83548 | Zot:5    | Noticed Tiamat
 83601 | Zot:5    | Killed Tiamat
 84106 | Zot:5    | Reached skill level 26 in Invocations
 84247 | Zot:5    | Noticed an ancient lich
 84250 | Zot:5    | Noticed an orb of fire
 84288 | Zot:5    | Killed an orb of fire
 84290 | Zot:5    | Killed an ancient lich
 84489 | Zot:5    | Noticed an orb of fire
 84498 | Zot:5    | Killed an orb of fire
 84498 | Zot:5    | Reached skill level 27 in Invocations
 84507 | Zot:5    | Noticed an ancient lich
 84511 | Zot:5    | Noticed an orb of fire
 84515 | Zot:5    | Noticed an orb of fire
 84516 | Zot:5    | Killed an ancient lich
 84528 | Zot:5    | Killed an orb of fire
 84539 | Zot:5    | Killed an orb of fire
 84826 | Zot:5    | Noticed an orb of fire
 84829 | Zot:5    | Noticed an orb of fire
 84848 | Zot:5    | Gained mutation: Your magical capacity is low (-10% MP). [an orb of fire]
 84861 | Zot:5    | HP: 13/266 [orb of fire/fireball (5)]
 84863 | Zot:5    | HP: 5/266 [orb of fire/fireball (10)]
 84863 | Zot:5    | Killed from afar by an orb of fire

Action                   |  1- 3 |  4- 6 |  7- 9 | 10-12 | 13-15 | 16-18 | 19-21 | 22-24 | 25-27 || total
-------------------------+-------+-------+-------+-------+-------+-------+-------+-------+-------++-------
Melee: War axe           |    93 |   153 |   193 |       |       |       |       |       |       ||   439
       Battleaxe         |       |       |    52 |   352 |  1392 |  1336 |   126 |       |       ||  3258
       Dire flail        |       |       |       |     8 |    29 |       |       |       |       ||    37
       Executioner's axe |       |       |       |       |     3 |       |   904 |  1069 |  2866 ||  4842
 Fire: Arbalest          |       |       |       |       |       |       |       |     9 |    43 ||    52
Invok: Divine Shield     |       |       |       |       |     5 |     7 |     3 |     9 |    22 ||    46
       Summon Divine War |       |       |       |       |       |       |       |     1 |    13 ||    14
       Cleansing Flame   |       |       |       |       |       |       |       |       |     5 ||     5
 Abil: Dig               |       |       |       |     1 |     2 |     4 |       |     1 |     5 ||    13
Evoke: Wand              |       |       |       |     2 |     6 |     1 |     1 |     1 |     7 ||    18
  Use: Potion            |     1 |       |     1 |       |     4 |     9 |     1 |     4 |     7 ||    27
       Scroll            |       |       |    10 |     3 |    11 |    10 |    13 |     9 |    35 ||    91
  Eat: Chunk             |       |     5 |    13 |    17 |    45 |    19 |    29 |    28 |    27 ||   183
       Pizza             |       |       |       |     1 |     1 |     2 |     1 |     1 |     6 ||    12
       Fruit             |       |       |       |     4 |       |     2 |       |     1 |       ||     7
       Beef jerky        |       |       |       |     1 |     1 |     3 |     2 |     4 |     3 ||    14
       Meat ration       |       |       |       |       |       |     3 |       |       |     2 ||     5
       Bread ration      |       |       |       |       |       |       |       |     1 |    11 ||    12
